AoeStats
← boromir7222

MegaRandom

510596232Analyzed
3v3 RM · 2d ago on Oct 1, 2026· 60m 4s· 6 players
Game mode
Random Map
Map size
Normal (6 player)
Population
200
Speed
Normal
Resources
Standard
Victory
Conquest
Starting age
Dark Age
Ending age
Imperial Age
RankedLock teamsTeams togetherTeam positionsShared explorationLock speedFull tech treeHidden civsTurbo modeCheats
Victory
Defeat
🇩🇪 Vietnamese · Germany
1145
+12
🇩🇪 Mongols · Germany
1142
+12
🇩🇪 Georgians · Germany
1114
+14
🇪🇸 Tatars · Spain
1063
-13
🇩🇪 Huns · Germany
1059
-12
🇩🇪 Malians · Germany
1058
-13
Xavi
10:55 Feudal Age
12:09 Loom
15:14 Castle Age
13:36 Double-Bit Axe
26:14 Horse Collar
28:04 Bloodlines
28:58 Scale Barding Armor
30:02 Husbandry
32:21 Chain Barding Armor
32:12 Forging
33:53 Wheelbarrow
37:43 Imperial Age
36:10 Iron Casting
38:59 Conscription
38:04 Elite Monaspa
39:45 Ballistics
39:19 Fletching
40:38 Plate Barding Armor
40:53 Bow Saw
40:34 Gold Mining
40:35 Stone Mining
41:30 Aznauri Cavalry
41:42 Heavy Plow
44:38 Blast Furnace
47:38 Treadmill Crane
48:59 Chemistry
47:58 Bodkin Arrow
48:00 Town Watch
57:16 Stone Shaft Mining
Alligator
7:28 Loom
9:14 Feudal Age
10:06 Double-Bit Axe
13:04 Town Watch
14:25 Fletching
15:45 Horse Collar
19:58 Wheelbarrow
22:00 Padded Archer Armor
22:39 Gold Mining
25:49 Castle Age
26:43 Bow Saw
25:55 Crossbowman
26:43 Thumb Ring
27:00 Leather Archer Armor
29:02 Heavy Plow
29:10 Stone Mining
31:14 Ballistics
33:35 Bodkin Arrow
34:24 Hand Cart
34:13 Town Patrol
34:39 Elite Skirmisher
37:09 Stone Shaft Mining
36:25 Treadmill Crane
39:39 Imperial Age
41:22 Two-Man Saw
41:32 Chemistry
40:05 Arbalester
40:07 Imperial Skirmisher
40:11 Arbalester
42:02 Ring Archer Armor
41:35 Bracer
42:37 Ring Archer Armor
42:39 Murder Holes
44:19 Siege Engineers
49:14 Forging
49:05 Scale Mail Armor
49:45 Squires
49:06 Elite Fire Lancer
50:46 Arson
51:43 Iron Casting
51:23 Chain Mail Armor
57:07 Paper Money
Lucky Luke
9:37 Loom
12:02 Feudal Age
15:37 Castle Age
14:03 Double-Bit Axe
17:07 Bow Saw
18:17 Horse Collar
21:57 Fletching
22:22 Town Watch
23:18 Bodkin Arrow
25:57 Padded Archer Armor
27:16 Wheelbarrow
27:26 Wheelbarrow
27:47 Thumb Ring
28:01 Leather Archer Armor
28:24 Bloodlines
28:17 Husbandry
30:33 Ballistics
36:14 Imperial Age
34:02 Hand Cart
35:00 Gold Mining
35:53 Scale Barding Armor
35:59 Forging
37:01 Bracer
38:16 Bloodlines
37:35 Light Cavalry
38:53 Chain Barding Armor
39:21 Iron Casting
38:37 Hussar
40:21 Conscription
43:04 Blast Furnace
43:30 Heavy Plow
44:37 Chemistry
48:26 Heavy Camel Rider
boromir7222
11:27 Feudal Age
14:49 Wheelbarrow
16:41 Castle Age
15:13 Loom
16:16 Scale Barding Armor
16:22 Forging
16:02 Fletching
16:05 Double-Bit Axe
16:27 Gold Mining
18:27 Bloodlines
21:27 Light Cavalry
25:12 Hand Cart
25:10 Stone Mining
31:46 Husbandry
35:13 Imperial Age
35:17 Chain Barding Armor
35:33 Iron Casting
34:54 Bodkin Arrow
35:36 Silk Armor
35:33 Elite Steppe Lancer
36:55 Plate Barding Armor
36:45 Conscription
39:55 Blast Furnace
44:51 Bow Saw
46:31 Heavy Camel Rider
49:29 Bracer
Filtravis
9:06 Loom
10:55 Feudal Age
15:59 Castle Age
17:46 Wheelbarrow
17:04 Double-Bit Axe
17:32 Fletching
18:31 Bodkin Arrow
22:37 Padded Archer Armor
23:46 Leather Archer Armor
24:39 Bloodlines
26:57 Ballistics
31:37 Husbandry
35:36 Thumb Ring
38:29 Scale Barding Armor
38:35 Forging
40:19 Gold Mining
40:47 Marauders
44:13 Imperial Age
44:12 Hand Cart
44:56 Chain Barding Armor
45:11 Iron Casting
44:25 Elite Tarkan
45:26 Conscription
45:08 Heavy Cavalry Archer
46:15 Parthian Tactics
45:53 Bracer
47:49 Chemistry
46:37 Elite Tarkan
48:14 Plate Barding Armor
48:39 Blast Furnace
59:24 Light Cavalry
Inkencamilla
0:32 Loom
14:32 Feudal Age
22:58 Wheelbarrow
22:35 Double-Bit Axe
22:44 Gold Mining
22:38 Horse Collar
25:32 Castle Age
24:30 Forging
24:11 Fletching
24:21 Padded Archer Armor
24:17 Stone Mining
30:14 Iron Casting
29:35 Bodkin Arrow
29:55 Leather Archer Armor
31:07 Bow Saw
33:35 Imperial Age
31:43 Elite Skirmisher
34:59 Ring Archer Armor
36:59 Hand Cart
37:58 Ballistics
38:13 Scale Mail Armor
39:42 Heavy Plow
39:22 Elite Gbeto
40:46 Chain Mail Armor
42:09 Plate Mail Armor
42:04 Conscription
43:04 Chemistry
43:53 Stone Shaft Mining
43:36 Scale Barding Armor
43:37 Farimba
44:54 Chain Barding Armor
45:16 Bloodlines
45:07 Husbandry
46:33 Plate Barding Armor
46:12 Husbandry
46:09 Heavy Camel Rider
46:33 Cavalier
Connection lost

Rejoining the realm…

Still unreachable

The connection could not be restored.

Session expired

The server has moved on; the page needs a fresh start.